 Dungeon Crawl Stone Soup version 0.30.1-9-gdf580d7c3d (webtiles) character file.

Game seed: 4204510691235738503

261 Seven7 the Chopper (level 5, -1/47 HPs)
             Began as a Minotaur Fighter on Sept 25, 2023.
             Slain by a water moccasin (3 damage)
             ... on level 4 of the Dungeon.
             The game lasted 00:02:53 (2432 turns).

Seven7 the Chopper (Minotaur Fighter)               Turns: 2432, Time: 00:02:54

Health: -1/47      AC:  7    Str: 23    XL:     5   Next: 96%
Magic:  4/4        EV: 10    Int:  5    God:
Gold:   123        SH:  4    Dex:  9    Spells: 4/4 levels left

rFire   . . .        a - +0 war axe
rCold   . . .        c - +0 buckler
rNeg    . . .        b - +0 scale mail
rPois   .            (helmet restricted)
rElec   .            (no cloak)
rCorr   .            (no gloves)
SInv    .            (no boots)
Will    .....        (no amulet) Stlth
                     (no ring)
HPRegen 0.27/turn    (no ring)
MPRegen 0.09/turn

%: no passive effects
@: lethally poisoned (-1 -> -9)
A: horns 2, retaliatory headbutt
a: no special abilities


You were on level 4 of the Dungeon.
You visited 1 branch of the dungeon, and saw 4 of its levels.

You collected 123 gold pieces.

Inventory:

Hand Weapons
 a - a +0 war axe (weapon)
Missiles
 i - 4 curare-tipped darts (quivered)
 t - a throwing net
Armour
 b - a +0 scale mail (worn)
 c - a +0 buckler (worn)
Jewellery
 f - a +6 ring of intelligence
 u - a ring of positive energy
Wands
 s - a wand of charming (5)
Scrolls
 e - 4 scrolls of identify {unknown}
 g - a scroll of torment {unknown}
 m - a scroll of fog {unknown}
 r - a scroll of blinking {unknown}
Potions
 d - 2 potions of might
 h - 2 potions of haste {unknown}
 j - 3 potions of flight {unknown}
 k - a potion of degeneration {unknown}
 l - 2 potions of curing {unknown}
 n - a potion of cancellation {unknown}
 o - a potion of ambrosia {unknown}
 p - 2 potions of heal wounds {unknown}
 q - a potion of magic {unknown}


   Skills:
 * Level 4.6 Fighting
 * Level 4.6 Axes
 + Level 4.3 Armour
 + Level 3.3 Dodging
 + Level 4.3 Shields


You had 4 spell levels left.
You didn't know any spells.
Your spell library contained the following spells:

 Spells                   Type           Power      Damage    Failure   Level
 Cigotuvi's Dreadful Rot  Necr/Pois/Air  0%         N/A       94%         2
 Ensorcelled Hibernation  Hex/Ice        0%         N/A       94%         2
 Passwall                 Tmut/Erth      0%         N/A       94%         2
 Frozen Ramparts          Ice            0%         1d1       99%         3
 Ignite Poison            Fire/Tmut/Pois 0%         N/A       99%         3
 Summon Guardian Golem    Hex/Summ       0%         N/A       99%         3
 Swiftness                Air            0%         N/A       99%         3
 Ice Form                 Ice/Tmut       0%         N/A       100%        4
 Summon Ice Beast         Ice/Summ       0%         N/A       100%        4
 Freezing Cloud           Conj/Ice/Air   0%         6-21      100%        5
 Orb of Destruction       Conj           0%         9d5       100%        7
 Spellforged Servitor     Conj/Summ      0%         N/A       100%        7


Dungeon Overview and Level Annotations

Branches:
Dungeon (4/15)
 Temple: D:4-7

Altars:

Shops:
D:4 *


Innate Abilities, Weirdness & Mutations

You have a pair of horns on your head.
You reflexively headbutt those who attack you in melee.


Message History

The water moccasin misses you. The water moccasin bites you.
You are poisoned.
The water moccasin poisons you!
You slash the water moccasin!
You kill the water moccasin!
You feel very sick. The water moccasin bites you.
You are more poisoned.
The water moccasin poisons you!
You barely miss the water moccasin.
Your headbutt misses the water moccasin.
You feel extremely sick.
The water moccasin bites you but does no damage.
The water moccasin bites you.
You are lethally poisoned!
The water moccasin poisons you!
You slash the water moccasin!
The water moccasin is moderately wounded.
You feel extremely sick.
The water moccasin bites you but does no damage. x2
Unknown command.
You closely miss the water moccasin.
The water moccasin is moderately wounded.
* * * LOW HITPOINT WARNING * * *
You feel very sick. You block the water moccasin's attack.
Unknown command.
You hit the water moccasin but do no damage.
The water moccasin is moderately wounded.
* * * LOW HITPOINT WARNING * * *
You feel very sick.
The water moccasin barely misses you. x2
Unknown command.
You hit the water moccasin.
The water moccasin is heavily wounded.
* * * LOW HITPOINT WARNING * * *
You feel very sick. The water moccasin barely misses you.
The water moccasin bites you.
You die...

#...## #####
#...##
#########...###
#...##
............'.#
##'###
#####..#...#.#
#...##
######..#...#.#
#...##
#...##..#...#.#
#...##
#...##..#...#.#
#...##
#...##@.#...#.#
##....
+..)SS#####.#.#
##### #...#S#
#.#.# #.
#...#.'.S.+ #.#
#. #######...#
#.# #. #### #.#
#. #.# #. #.#
#. #.########.


You could see a water moccasin, an adder and a ball python.

Vanquished Creatures
  A water moccasin (D:4)
  A black bear (D:4)
  2 worms
  An orc (D:4)
  5 ball pythons
  5 bats
  7 endoplasms
  4 giant cockroaches
  5 hobgoblins
  4 jackals (D:1)
  3 kobolds
  4 quokkas
  4 frilled lizards
  6 goblins
  3 rats
55 creatures vanquished.

Notes
Turn   | Place    | Note
-------+----------+-------------------------------------------
     0 | D:1      | Seven7 the Minotaur Fighter began the quest for the Orb.
     0 | D:1      | Reached XP level 1. HP: 19/19 MP: 0/0
    99 | D:1      | Reached XP level 2. HP: 25/27 MP: 1/1
   483 | D:1      | Reached skill level 1 in Dodging
   773 | D:2      | Reached XP level 3. HP: 33/33 MP: 2/2
  2156 | D:4      | Reached XP level 4. HP: 40/40 MP: 3/3
  2196 | D:4      | Noticed a black bear
  2203 | D:4      | Killed a black bear
  2204 | D:4      | Reached XP level 5. HP: 39/46 MP: 4/4
  2422 | D:4      | Found Bokoc's Serpentskin Sales.
  2422 | D:4      | Noticed a water moccasin
  2423 | D:4      | Noticed a water moccasin
  2427 | D:4      | Killed a water moccasin
  2432 | D:4      | HP: 2/47 [poisoned by a water moccasin]
  2432 | D:4      | Slain by a water moccasin

Illustrated notes

Levels and vault maps discovered:
D:1:      dpeg_arrival_fog, layout_basic
D:2:      layout_loops_ring, serial_forest, infiniplex_forest_straight_2,
          infiniplex_forest_lined_2, infiniplex_forest_lined_1,
          infiniplex_forest_clump_curved, infiniplex_forest_pool,
          infiniplex_forest_straight_4, infiniplex_forest_end_2
D:3:      layout_basic, hangedman_decor_clover_reticule
D:4:      kennysheep_kobold_camp, layout_basic,
          grunt_dithmenos_smoke_and_mirrors, guppyfry_shop_venom

Skill      XL: |  1  2  3  4 |
---------------+-------------+-----
Dodging        | 1 2 3 |  3.3
Fighting       | 4 |  4.6
Shields        | 4 |  4.3
Armour         | 4 |  4.3
Axes           | 3 4 |  4.6

Action                     |  1- 3 |  4- 6 || total
---------------------------+-------+-------++-------
  Melee: War axe           |    91 |    20 ||   111
         Headbutt          |     8 |     2 ||    10
 Armour: Scale mail        |    54 |    11 ||    65
  Dodge: Dodged            |    50 |    18 ||    68
  Block: Buckler           |    43 |     4 ||    47
